 Dungeon Crawl Stone Soup version 0.27.1-16-g815e20cd7a (webtiles) character file.

Game seed: 4047467995263587690

926 DenSaoPin the Cutter (level 8, -3/64 HPs)
             Began as a Hill Orc Monk on Nov 22, 2021.
             Was a Believer of Beogh.
             Slain by an orc priest (5 damage)
             ... on level 4 of the Dungeon.
             The game lasted 00:11:29 (3728 turns).

DenSaoPin the Cutter (Hill Orc Monk)                Turns: 3728, Time: 00:11:29

Health: -3/64      AC: 20    Str: 22    XL:     8   Next: 10%
Magic:  2/8        EV:  9    Int: 10    God:    Beogh [**....]
Gold:   127        SH:  0    Dex: 13    Spells: 7/7 levels left

rFire    . . .     SeeInvis .   c - +3 dagger (protect)
rCold    . . .     Faith    .   (no shield)
rNeg     . . .     Spirit   .   g - +0 chain mail
rPois    .         Reflect  .   (no helmet)
rElec    .         Harm     .   (no cloak)
rCorr    .         Rampage  .   p - +2 pair of gloves
Will     .....                  (no boots)
Stlth    ..........             (no amulet)
HPRegen  0.20/turn              q - +6 ring of strength
MPRegen  0.11/turn              (no ring)

@: under a protective aura
A: no striking features
a: Renounce Religion, Smiting


You were on level 4 of the Dungeon.
You worshipped Beogh.
Beogh was pleased with you.
You visited 1 branch of the dungeon, and saw 4 of its levels.

You collected 127 gold pieces.

Inventory:

Hand Weapons
 a - a +0 hand axe
 c - a +3 dagger of protection (weapon)
 d - a +1 short sword of venom
 s - a +1 whip of electrocution
Armour
 b - a +0 robe
 g - a +0 chain mail (worn)
 i - a +0 pair of gloves
 p - a +2 pair of gloves (worn)
Jewellery
 q - a +6 ring of strength (left hand)
Scrolls
 e - 3 scrolls of identify {unknown}
 f - 2 scrolls of noise {unknown}
 k - a scroll of enchant armour {unknown}
 l - 2 scrolls of fog {unknown}
 m - a scroll of brand weapon {unknown}
 n - a scroll of summoning {unknown}
 o - a scroll of teleportation {unknown}
 r - a scroll of amnesia {unknown}
Potions
 j - 2 potions of haste {unknown}


   Skills:
 - Level 3.6 Fighting
 * Level 6.8 Short Blades
 - Level 4.1 Axes
 + Level 6.0 Armour
 - Level 2.4 Dodging
 - Level 1.5 Stealth


You had 7 spell levels left.
You didn't know any spells.
Your spell library contained the following spells:

 Spells                   Type           Power      Damage    Failure   Level
 Sandblast                Erth           0%         2d4       96%         1
 Passwall                 Tmut/Erth      0%         N/A       99%         2
 Frozen Ramparts          Ice            0%         1d2       100%        3
 Ice Form                 Ice/Tmut       0%         N/A       100%        4
 Summon Ice Beast         Ice/Summ       0%         N/A       100%        4
 Lee's Rapid Deconstruct  Erth           0%         3d5*      100%        5


Dungeon Overview and Level Annotations

Branches:
Dungeon (4/15)             Temple (0/1) D:4

Altars:
Gozag
Makhleb
Xom
Yredelemnul
Zin


Message History

The orc priest looks encouraged for a moment.
You closely miss the orc priest.
The orc priest is moderately wounded.
You barely miss the orc priest.
The orc priest is moderately wounded.
The orc priest closely misses you.
Your chain mail prevents you from hitting the orc priest.
The orc priest is moderately wounded.
The orc priest completely misses you.
It was a potion of curing.
You feel better.
The orc priest hits you but does no damage.
Okay, then.
You barely miss the orc priest.
The orc priest is moderately wounded.
The orc priest calls down the wrath of Beogh upon you.
Beogh smites you!
* * * LOW HITPOINT WARNING * * *
Aiming: Smiting
Press: ? - help, Dir - move target, f - orc priest Smite: an orc priest, wielding a +0 club (moderately wounded)
You smite the orc priest!
The orc priest is almost dead.
The orc priest closely misses you.
Aiming: Smiting
Press: ? - help, Dir - move target, f/p - orc priest Smite: an orc priest, wielding a +0 club (almost dead)
You smite the orc priest!
You kill the orc priest!
Beogh accepts your kill.
Beogh appreciates your killing of a heretic priest.
Your Armour skill increases to level 6!
You don't have enough magic at the moment.
Unknown command.
You hit the orc priest but do no damage.
Your weapon exudes an aura of protection.
You hit the orc priest.
The orc priest is lightly wounded.
The orc priest hits you with a +0 mace.
You die...
Beogh appreciates the orc priest's killing of a heretic priest.

#.##.# #.# #.##.# #.#
#.# #########.####
#.# #.............
#.## #.#####.######
#..# #.#####.# ##.#
#.#...#.###### #.#
#......#......
#@#.#.......#####.
#o#..........#
#............#
#.#..........#
#...........##
#...#......##
#.......#.#....##
#.#P....#.#.#.#.##
....PP.#..##.##.#####


You could see an orc priest.

Vanquished Creatures
  Pikel (D:4)
  2 necrophages (D:4)
  An orc priest (D:4)
  A bullfrog skeleton (D:4)
  Terence (D:2)
  2 orc wizards (D:4)
  A hound skeleton (D:4)
  3 gnolls (D:4)
  5 adders
  A worm (D:3)
  3 dart slugs
  4 orcs (D:4)
  8 endoplasms
  A giant cockroach (D:4)
  4 goblins (D:1)
  8 hobgoblins
  A quokka (D:1)
  11 ball pythons
  3 bats (D:1)
  4 frilled lizards
  6 kobolds
  4 rats
75 creatures vanquished.

Vanquished Creatures (others)
  An orc priest (D:4)
  9 plants (D:4)
10 creatures vanquished.

Grand Total: 85 creatures vanquished

Notes
Turn   | Place    | Note
-------+----------+-------------------------------------------
     0 | D:1      | DenSaoPin the Hill Orc Monk began the quest for the Orb.
     0 | D:1      | Reached XP level 1. HP: 19/19 MP: 1/1
   517 | D:1      | Reached skill level 1 in Armour
   517 | D:1      | Reached XP level 2. HP: 23/26 MP: 2/2
   645 | D:1      | Reached skill level 1 in Short Blades
   959 | D:1      | Reached XP level 3. HP: 31/31 MP: 3/3
  1526 | D:2      | Found a faded altar of an unknown god.
  1568 | D:2      | Noticed Terence
  1598 | D:2      | Killed Terence
  1599 | D:2      | Reached XP level 4. HP: 20/39 MP: 4/4
  2258 | D:3      | Found a shimmering altar of Xom.
  2378 | D:3      | Reached XP level 5. HP: 42/45 MP: 5/5
  2629 | D:3      | Found a glowing silver altar of Zin.
  2630 | D:3      | Found an opulent altar of Gozag.
  2926 | D:4      | Became a worshipper of Beogh the Brigand
  2926 | D:4      | Reached * piety under Beogh
  2926 | D:4      | Reached ** piety under Beogh
  2991 | D:4      | Found a basalt altar of Yredelemnul.
  3238 | D:4      | Found a burning altar of Makhleb.
  3239 | D:4      | Noticed a necrophage
  3256 | D:4      | Killed a necrophage
  3257 | D:4      | Reached XP level 6. HP: 47/51 MP: 6/6
  3297 | D:4      | Noticed Pikel
  3337 | D:4      | Killed Pikel
  3338 | D:4      | Reached skill level 5 in Armour
  3338 | D:4      | Reached XP level 7. HP: 13/57 MP: 7/7
  3612 | D:4      | Reached XP level 8. HP: 61/64 MP: 8/8
  3679 | D:4      | Found a staircase to the Ecumenical Temple.
  3718 | D:4      | HP: 1/64 [orc priest/divine providence (14)]
  3724 | D:4      | HP: 1/64 [orc priest/divine providence (10)]
  3728 | D:4      | Slain by an orc priest

Illustrated notes

Levels and vault maps discovered:
D:1:      psy_arrival_basics, layout_loops_ring, serial_bayou_pond_e,
          minmay_crystal_room, chequers_serial_rivers_small_a
D:2:      layout_loops_corners, ebering_ecumenical_altar_petrified,
          palyth_stone_intersect, uniq_terence
D:3:      layout_basic, grunt_temple_overflow_gold_and_silver, xom_butterflies,
          chequers_mini_garden
D:4:      layout_loops_ring, makhleb_blood_cavern_becter,
          nicolae_elyvilon_temple_path, nicolae_overflow_hidden_temple,
          minmay_temple_entry_overgrown, uniq_pikel

Skill      XL: |  1  2  3  4  5  6  7  8 |
---------------+-------------------------+-----
Armour         | 1 2 3 4 5 6 |  6.0
Short Blades   | 1 2 4 6 |  6.8
Fighting       | |  3.6
Axes           | |  4.1
Dodging        | |  2.4
Stealth        | |  1.5

Action                   |  1- 3 |  4- 6 |  7- 9 || total
-------------------------+-------+-------+-------++-------
Melee: Hand axe          |    16 |       |       ||    16
       Dagger            |    86 |   192 |    41 ||   319
       Short sword       |    11 |     6 |       ||    17
Invok: Convert to Beogh  |       |     1 |       ||     1
       Smiting           |       |       |     2 ||     2
  Use: Potion            |       |       |     1 ||     1
 Stab: Distracted        |     1 |       |       ||     1
Armor: Robe              |     1 |       |       ||     1
       Chain mail        |    46 |   132 |    18 ||   196
Dodge: Dodged            |    31 |    59 |     9 ||    99
